 Dungeon Crawl Stone Soup version 0.18.1-48-g4cf74bf (webtiles) character file.

490 Gargoyl the Covered (level 6, -3/48 HPs)
             Began as a Demonspawn Abyssal Knight on Aug 11, 2016.
             Was a Believer of Lugonu.
             Slain by Duvessa
             ... wielding a +0 short sword
              (6 damage)
             ... while paralysed by Grinder
             ... on level 5 of the Dungeon.
             The game lasted 00:08:56 (6087 turns).

Gargoyl the Covered (Demonspawn Abyssal Knight)     Turns: 6087, Time: 00:08:57

Health: -3/48      AC:  7    Str: 14    XL:     6   Next: 90%
Magic:  7/7        EV:  2    Int: 13    God:    Lugonu [**....]
Gold:   203        SH:  0    Dex: 13    Spells: 0 memorised, 5 levels left

rFire  . . .     SeeInvis .     a - +1 hand axe
rCold  . . .     Gourm    .     g - +0 ring mail
rNeg   . . .     Faith    .     m - +0 large shield
rPois  .         Spirit   .     (no helmet)
rElec  .         Dismiss  .     q - +0 cloak
rCorr  .         Reflect  .     (no gloves)
SustAt .         Harm     .     (no boots)
MR     .....                    (no amulet)
Stlth  ++........               (no ring)
                                h - ring of stealth

@: paralysed, not resistant to hostile enchantments, unstealthy
A: claws 2, demonic guardian 1
a: Depart the Abyss, Bend Space, Renounce Religion


You were on level 5 of the Dungeon.
You worshipped Lugonu.
Lugonu was pleased with you.
You were not hungry.

You visited 1 branch of the dungeon, and saw 5 of its levels.
You visited the Abyss 1 time.

You collected 203 gold pieces.

Inventory:

Hand Weapons
 a - a +1 hand axe (weapon)
Armour
 g - a +0 ring mail (worn)
 m - a +0 large shield (worn)
 q - a +0 cloak (worn)
Jewellery
 h - a ring of stealth (left claw)
Wands
 s - a wand of lightning (5/15)
 v - a wand of enslavement (20/24)
 A - a wand of lightning (9/15)
Scrolls
 d - 2 scrolls of teleportation {unknown}
 e - 2 scrolls of magic mapping {unknown}
 i - a scroll of enchant weapon {unknown}
 o - 6 scrolls of identify
 p - 2 scrolls of noise {unknown}
 t - 4 scrolls of remove curse {unknown}
 u - a scroll of amnesia {unknown}
 y - 2 scrolls of recharging {unknown}
Potions
 b - a potion of brilliance {unknown}
 j - 2 potions of degeneration {unknown}
 l - 3 potions of haste {unknown}
 n - 2 potions of agility {unknown}
 r - a potion of curing {unknown}
 w - a potion of cancellation {unknown}
 x - a potion of lignification {unknown}
 z - a potion of invisibility {unknown}
Comestibles
 c - 3 bread rations
 f - 3 meat rations
 k - a beef jerky


   Skills:
 + Level 4.2 Fighting
 + Level 2.4 Axes
 * Level 4.3 Armour
 + Level 3.0 Dodging
 + Level 1.2 Stealth
 + Level 2.0 Shields
 + Level 2.5 Invocations


You had 5 spell levels left.
You didn't know any spells.

Dungeon Overview and Level Annotations

Branches:
Dungeon (5/15)
 Temple: D:4-7

Altars:
Gozag

Shops:
D:4 *

Annotations:
D:5 Duvessa, Grinder


Innate Abilities, Weirdness & Mutations

You have very sharp fingernails.
A weak demonic guardian rushes to your aid.


Message History

Duvessa goes berserk!
Your Dodging skill increases to level 3!
Your Shields skill increases to level 2!
Duvessa hits you with a short sword! Grinder hits you but does no damage.
Your quasit disappears in a puff of smoke!
Duvessa closely misses you. Grinder gestures at you.
You suddenly lose the ability to move!
Duvessa hits you with a short sword!
* * * LOW HITPOINT WARNING * * *
Duvessa hits you but does no damage. Grinder gestures at you.
Your quasit resists with significant effort.
Duvessa hits you but does no damage.
Your quasit closely misses Grinder. x2
Your quasit claws Grinder.
Grinder barely misses your quasit.
Your quasit bites Grinder but does no damage.
Your quasit claws Grinder but does no damage. x2
Duvessa hits you with a short sword.
* * * LOW HITPOINT WARNING * * *
Duvessa hits you with a short sword.
You die...

#######
#.....#############
#.....#@...#......#.....
#....)'5e..#......#.....
#.....#5...#......#.....
#.....######......#.....
######.....#......#.....
#.....'......#.....
#.....#......#.....
#<.รท..#......'.....
######.....########.....


You could see Grinder, Duvessa (berserk) and a friendly quasit.

Vanquished Creatures
  The ghost of sheala the Magician, an amateur DEWz (D:4)
  A hound (D:5)
  3 giant frog skeletons
  2 worker ants
  7 adders
  A howler monkey skeleton (D:4)
  An ooze (D:4)
  3 worms
  2 dart slugs (D:3)
  4 orcs
  2 ball pythons
  2 giant cockroaches
  8 goblins
  8 hobgoblins
  3 jackals (D:2)
  4 quokkas
  14 bats
  5 giant newts
  5 kobolds
  7 rats
83 creatures vanquished.

Vanquished Creatures (collateral kills)
  A water moccasin (D:4)
  Dowan (D:5)
  A worker ant (D:4)
3 creatures vanquished.

Vanquished Creatures (others)
  A dart slug (D:1)
1 creature vanquished.

Grand Total: 87 creatures vanquished

Notes
Turn   | Place    | Note
--------------------------------------------------------------
     0 | Abyss:1  | Gargoyl the Demonspawn Abyssal Knight began the quest for the Orb.
     0 | Abyss:1  | Reached XP level 1. HP: 18/18 MP: 2/2
     2 | Abyss:2  | Found a corrupted altar of Lugonu.
    20 | Abyss:2  | Noticed a small abomination
    32 | Abyss:2  | Noticed an apocalypse crab
    42 | Abyss:2  | Paralysed by you for 3 turns
    49 | D:1      | Escaped the Abyss
    51 | D:1      | Reached skill level 1 in Dodging
   478 | D:1      | Gained mutation: You have sharp fingernails. [demonic ancestry]
   478 | D:1      | Reached XP level 2. HP: 21/24 MP: 3/3
   480 | D:1      | Reached * piety under Lugonu
  1640 | D:2      | Reached XP level 3. HP: 27/29 MP: 4/4
  1902 | D:2      | Reached ** piety under Lugonu
  2734 | D:2      | Found an opulent altar of Gozag.
  2934 | D:3      | Gained mutation: A weak demonic guardian rushes to your aid. [demonic ancestry]
  2934 | D:3      | Reached XP level 4. HP: 25/35 MP: 5/5
  3333 | D:3      | Reached skill level 1 in Shields
  4165 | D:4      | Gained mutation: You have very sharp fingernails. [demonic ancestry]
  4165 | D:4      | Reached XP level 5. HP: 42/42 MP: 6/6
  4167 | D:4      | Noticed sheala's ghost (amateur DEWz)
  4227 | D:4      | Killed sheala's ghost
  4227 | D:4      | Reached skill level 1 in Stealth
  4918 | D:4      | Found Peli's Serpentskin Sales.
  4918 | D:4      | Noticed a water moccasin
  4929 | D:4      | Killed a water moccasin
  4929 | D:4      | Reached XP level 6. HP: 24/48 MP: 7/7
  5636 | D:5      | Entered Level 5 of the Dungeon
  6070 | D:5      | Noticed Dowan
  6070 | D:5      | Noticed Grinder
  6071 | D:5      | Noticed Duvessa
  6078 | D:5      | Paralysed by Grinder for 2 turns
  6083 | D:5      | Killed Dowan
  6084 | D:5      | Paralysed by Grinder for 4 turns
  6087 | D:5      | Slain by Duvessa

Skill      XL: |  1  2  3  4  5  6 |
---------------+-------------------+-----
Dodging        | 1 2 3 |  3.0
Armour         | 2 3 4 |  4.3
Axes           | 2 |  2.4
Shields        | 1 2 |  2.0
Stealth        | 1 |  1.2
Fighting       | 4 |  4.2
Invocations    | |  2.5

Action                   |  1- 3 |  4- 6 || total
-------------------------+-------+-------++-------
Melee: Hand axe          |   177 |   178 ||   355
Invok: Depart the Abyss  |     1 |       ||     1
  Use: Scroll            |     1 |       ||     1
 Stab: Sleeping          |     3 |     4 ||     7
  Eat: Chunk             |     8 |     6 ||    14
       Fruit             |       |     4 ||     4
Armor: Ring mail         |   108 |    72 ||   180
       Skin              |     3 |       ||     3
Dodge: Dodged            |    56 |    52 ||   108
Block: Large shield      |    92 |   119 ||   211
